 Dungeon Crawl Stone Soup version 0.30-a0-567-gf7fd966b4a (webtiles) character file.

Game seed: 5541904306336153561

4905 gruber the Frost Mage (level 10, -1/74 HPs)
             Began as a Gnoll Ice Elementalist on Dec 23, 2022.
             Was an Initiate of Gozag.
             Slain by an orc warlord
             ... wielding a +5 battleaxe
              (32 damage)
             ... in a bailey on Dec 28, 2022.
             The game lasted 00:14:11 (6264 turns).

gruber the Frost Mage (Gnoll Ice Elementalist)      Turns: 6264, Time: 00:14:11

Health: -1/74      AC:  5    Str: 14    XL:     10   Next: 51%
Magic:  13/21      EV: 14    Int: 24    God:    Gozag
Gold:   497        SH:  7    Dex: 12    Spells: 9/24 levels left

rFire   . . .      SeeInvis +    d - +4 dagger "Morg" {pain, Will+ Int+5}
rCold   . . .      Faith    .    q - +2 buckler {rPois}
rNeg    . . .      Spirit   .    a - +0 robe
rPois   +          Reflect  .    k - +2 hat
rElec   .          Harm     .    u - +0 cloak
rCorr   .          Rampage  .    (no gloves)
Will    +....                    (no boots)
Stlth   +++                      e - amulet of regeneration
HPRegen 1.12/turn                i - ring of see invisible
MPRegen 0.17/turn                w - +6 ring of strength

@: no status effects
A: fangs 1, strong nose, distributed training
a: Renounce Religion, Potion Petition, Call Merchant, Bribe Branch


You were in a bailey.
You worshipped Gozag.
Gozag was aware of your devotion.
You visited 2 branches of the dungeon, and saw 8 of its levels.
You also visited: Bailey.

You collected 817 gold pieces.
You spent 187 gold pieces at shops.
You paid 133 gold pieces to Gozag.

Inventory:

Hand Weapons
 d - the +4 dagger "Morg" (weapon) {pain, Will+ Int+5}
   (You found it on level 5 of the Dungeon)

   In the hands of one skilled in necromantic magic, it inflicts extra damage on
   living creatures.
   Int:       It affects your intelligence (+5).
   Will:      It increases your willpower.
 C - a +4 shortbow
Missiles
 m - a throwing net
Armour
 a - a +0 robe (worn)
 k - a +2 hat (worn)
 q - a +2 buckler of poison resistance (worn)
 u - a +0 cloak (worn)
 E - the -2 helmet of Inquiry {rCorr Str+3 Dex+4}
   (You found it on level 6 of the Dungeon)

   Str:       It affects your strength (+3).
   Dex:       It affects your dexterity (+4).
   rCorr:     It protects you from acid and corrosion.
Jewellery
 e - an amulet of regeneration (around neck)
 i - a ring of see invisible (left hand)
 w - a +6 ring of strength (right hand)
Wands
 y - a wand of quicksilver (8)
 D - a wand of mindburst (17)
 H - a wand of charming (3)
Scrolls
 c - a scroll of fear {unknown}
 f - 6 scrolls of identify {unknown}
 g - 3 scrolls of enchant armour {unknown}
 h - 3 scrolls of noise {unknown}
 l - a scroll of vulnerability {unknown}
 n - 2 scrolls of teleportation {unknown}
 o - 2 scrolls of amnesia {unknown}
 B - a scroll of fog {unknown}
 G - a scroll of immolation {unknown}
 I - a scroll of blinking {unknown}
Potions
 b - a potion of magic
 j - a potion of ambrosia {unknown}
 p - a potion of degeneration {unknown}
 s - a potion of flight {unknown}
 t - 3 potions of attraction {unknown}
 v - 3 potions of haste
 x - 2 potions of invisibility
 z - a potion of lignification {unknown}
 A - a potion of heal wounds {unknown}
 F - a potion of mutation {unknown}


   Skills:
 + Level 5.5 Fighting
 + Level 5.5 Short Blades
 + Level 5.5 Long Blades
 + Level 5.5 Axes
 + Level 5.5 Maces & Flails
 + Level 5.5 Polearms
 + Level 5.5 Staves
 + Level 5.5 Ranged Weapons
 + Level 5.5 Throwing
 + Level 5.5 Armour
 + Level 7.3 Dodging
 + Level 7.0 Stealth
 + Level 5.5 Shields
 + Level 5.5 Unarmed Combat
 + Level 7.5 Spellcasting
 + Level 4.6 Conjurations
 + Level 4.6 Hexes
 + Level 4.6 Summonings
 + Level 4.6 Necromancy
 + Level 4.6 Translocations
 + Level 4.6 Transmutations
 + Level 4.6 Fire Magic
 + Level 8.5 Ice Magic
 + Level 4.6 Air Magic
 + Level 4.6 Earth Magic
 + Level 4.6 Poison Magic
 + Level 6.1 Invocations
 + Level 5.5 Evocations


You had 9 spell levels left.
You knew the following spells:

 Your Spells              Type           Power      Damage    Failure   Level
a - Freeze                Ice            100%       1d10      1%          1
b - Frozen Ramparts       Ice            100%       1d16      1%          3
c - Ozocubu's Armour      Ice            50%        N/A       1%          3
d - Olgreb's Toxic Radia  Pois           31%        N/A       13%         4
e - Summon Ice Beast      Ice/Summ       40%        N/A       6%          4

Your spell library contained the following spells:

 Spells                   Type           Power      Damage    Failure   Level
 Necrotise                Necr           100%       1d9       1%          1
 Cigotuvi's Dreadful Rot  Necr/Pois/Air  62%        N/A       1%          2
 Kindle Blastsparks       Fire/Tloc/Air  62%        2d15      3%          3
 Portal Projectile        Hex/Tloc       62%        N/A       3%          3
 Tukima's Dance           Hex            31%        N/A       3%          3
 Vampiric Draining        Necr           31%        2d8       3%          3
 Vhi's Electric Charge    Tloc/Air       62%        N/A       3%          3
 Dispel Undead            Necr           31%        3d14      13%         4
 Fulminant Prism          Conj/Hex       15%        3d10      13%         4
 Iskenderun's Mystic Bla  Conj/Tloc      31%        2d8       13%         4
 Agony                    Necr           31%        N/A       34%         5
 Arcjolt                  Conj/Air       15%        1d25      34%         5
 Blade Hands              Tmut           15%        N/A       34%         5
 Lee's Rapid Deconstruct  Erth           15%        3d10*     34%         5
 Death Channel            Necr           15%        N/A       89%         6
 Ozocubu's Refrigeration  Ice            25%        4d13      91%         7
 Ignition                 Fire           15%        3d6       100%        8
 Maxwell's Capacitive Co  Air            15%        ∞         100%        8


Dungeon Overview and Level Annotations

Branches:
Dungeon (8/15)             Temple (1/1) D:5            Lair (0/5) D:8
 Bailey (1/1)

Altars:
Ashenzari
Cheibriados
Elyvilon
Fedhas
Gozag
Kikubaaqudgha
Nemelex Xobeh
Okawaru
Qazlal
Ru
Sif Muna
Trog
Uskayaw
Vehumet
Wu Jian
Xom
Yredelemnul
The Shining One

Shops:
D:3 [   D:4 *

Portals:
Abyss: D:4

Annotations:
D:3 Grinder
D:4 2 transporters, Notanamesir's ghost, novice HOHu
D:8 Psyche


Innate Abilities, Weirdness & Mutations

You have very sharp teeth.
Your uncanny sense of smell can sniff out nearby items.
Your experience applies equally to all skills.


Message History

There is an open translucent gate here.
You start waiting.
An orc warlord is nearby!
Casting: Ozocubu's Armour (safe; 1% risk of failure)
Confirm with . or Enter, or press ? or * to list all spells.
You begin to radiate toxic energy.
The orc warlord shouts!
The orc warlord is poisoned.
The orc warlord looks even sicker.
Unknown command.
Unknown command.
Unknown command.
Your toxic aura wanes.
Casting: Olgreb's Toxic Radiance (dangerous; 13% risk of failure)
Confirm with . or Enter, or press ? or * to list all spells.
You begin to radiate toxic energy.
The orc warlord looks even sicker.
Unknown command.
Unknown command.
Unknown command.
Your toxic aura wanes.
There is an open door here.
There is an open door here.
There is an open door here.
Casting: Olgreb's Toxic Radiance (dangerous; 13% risk of failure)
Confirm with . or Enter, or press ? or * to list all spells.
A chill wind blows around you.
The orc warlord attacks as you move away!
The orc warlord hits you with a +5 battleaxe!!
The orc warlord hits your ice beast but does no damage.
The orc warlord attacks as you move away!
The orc warlord hits you with a +5 battleaxe!!
The orc warlord barely misses your ice beast.
There is an open door here.
Casting: Summon Ice Beast (dangerous; 6% risk of failure)
Confirm with . or Enter, or press ? or * to list all spells.
Okay, then.
This is a scroll of acquirement!
Something appears at your feet!
The orc warlord hits you with a +5 battleaxe!!
You die...
Your body crumbles into a pile of gold.

....#~~~~~~~~~#.....##♣
....#~.8...8.~#....##.♣
##'###.......###'###..♣♣
~~.#~~.8...8.~~#.~~~...♣
~~.#~.........~#.~~~...♣♣
~~.#~....∩....~#.~~~...∩♣
~~.##.........##Y~~~...♣♣
~~.#~..8...8..~#o~~~...♣
##'#~.........~#@###..♣♣
..$#~)!8...8!)~#...##.♣
...##~o#####~~##....##♣
....####...####......##
....$.................#
..8..$....$.....8..8..#
.....$......$.........#
.......$..$..........##
..8...##''$##...8...##


You could see an orc warlord (poisoned, ally target) and a friendly ice beast
(summoned).

Vanquished Creatures
  Joseph (D:8)
  A troll (D:6)
  Prince Ribbit (D:5)
  A wraith (D:5)
  3 wyverns (D:8)
  7 yaks (D:8)
  A basilisk (D:8)
  3 water moccasins (D:8)
  5 orc warriors (Bailey)
  An ogre (D:6)
  2 centaurs
  3 phantoms (D:5)
  A bullfrog (D:8)
  A necrophage (D:5)
  6 scorpions
  A spectral bullfrog (D:5)
  A spectral centaur (D:5)
  A bullfrog zombie (D:5)
  2 hounds (D:5)
  A jelly (D:5)
  4 orc priests
  A bullfrog skeleton (D:5)
  3 orc wizards
  Crazy Yiuf (D:3)
  3 iguanas
  7 adders
  6 gnolls
  A white imp (D:6)
  An ufetubus (D:5)
  A worm (D:5)
  3 dart slugs
  15 orcs
  3 bats
  9 endoplasms
  2 giant cockroaches (D:3)
  12 hobgoblins
  5 quokkas
  6 ball pythons
  4 frilled lizards
  11 goblins
  13 kobolds
  3 rats
157 creatures vanquished.

Vanquished Creatures (others)
  2 fungi (D:8)
  9 plants (D:8)
  19 withered plants (D:5)
30 creatures vanquished.

Grand Total: 187 creatures vanquished

Notes
Turn   | Place    | Note
-------+----------+-------------------------------------------
     0 | D:1      | gruber the Gnoll Ice Elementalist began the quest for the
                  | Orb.
     0 | D:1      | Reached XP level 1. HP: 13/13 MP: 6/6
   194 | D:1      | Reached XP level 2. HP: 19/19 MP: 7/7
   517 | D:1      | Found a faded altar of an unknown god.
   730 | D:2      | Reached skill level 5 in Spellcasting
   730 | D:2      | Reached XP level 3. HP: 25/25 MP: 7/9
   907 | D:2      | Reached skill level 1 in Invocations
   975 | D:2      | Upgraded the game from 0.30-a0-528-g8c47a4955b to
                  | 0.30-a0-567-gf7fd966b4a
  1355 | D:2      | Learned a level 3 spell: Frozen Ramparts
  1523 | D:2      | Learned a level 3 spell: Ozocubu's Armour
  1553 | D:3      | Reached skill level 1 in Fighting
  1553 | D:3      | Reached skill level 1 in Short Blades
  1553 | D:3      | Reached skill level 1 in Long Blades
  1553 | D:3      | Reached skill level 1 in Axes
  1553 | D:3      | Reached skill level 1 in Maces & Flails
  1553 | D:3      | Reached skill level 1 in Polearms
  1553 | D:3      | Reached skill level 1 in Staves
  1553 | D:3      | Reached skill level 1 in Ranged Weapons
  1553 | D:3      | Reached skill level 1 in Throwing
  1553 | D:3      | Reached skill level 1 in Armour
  1553 | D:3      | Reached skill level 1 in Shields
  1553 | D:3      | Reached skill level 1 in Unarmed Combat
  1553 | D:3      | Reached skill level 1 in Evocations
  1585 | D:3      | Reached XP level 4. HP: 32/32 MP: 6/11
  1660 | D:3      | Reached skill level 1 in Conjurations
  1660 | D:3      | Reached skill level 1 in Hexes
  1660 | D:3      | Reached skill level 1 in Summonings
  1660 | D:3      | Reached skill level 1 in Necromancy
  1660 | D:3      | Reached skill level 1 in Translocations
  1660 | D:3      | Reached skill level 1 in Transmutations
  1660 | D:3      | Reached skill level 1 in Fire Magic
  1660 | D:3      | Reached skill level 1 in Air Magic
  1660 | D:3      | Reached skill level 1 in Earth Magic
  1660 | D:3      | Reached skill level 1 in Poison Magic
  1768 | D:3      | Found Ivviajup's Antique Armour Shop.
  1776 | D:3      | Bought a glowing buckler for 187 gold pieces
  1942 | D:3      | Noticed Grinder
  1947 | D:3      | Paralysed by Grinder for 2 turns
  2097 | D:3      | Reached XP level 5. HP: 37/37 MP: 2/12
  2440 | D:3      | Found a runed translucent door.
  2441 | D:3      | Noticed Crazy Yiuf
  2447 | D:3      | Killed Crazy Yiuf
  2705 | D:4      | Noticed a small abomination
  2709 | D:4      | Found a transporter.
  2714 | D:4      | Noticed an ancient zyme
  2716 | D:4      | Found a one-way gate to the infinite horrors of the Abyss.
  2716 | D:4      | Noticed Notanamesir's ghost (novice HOHu)
  2716 | D:4      | Noticed a small abomination
  2736 | D:4      | Reached skill level 5 in Dodging
  2736 | D:4      | Reached XP level 6. HP: 44/44 MP: 11/14
  2774 | D:4      | Found a transporter.
  2930 | D:4      | Found Yssaw's Assorted Antiques.
  3112 | D:5      | Entered Level 5 of the Dungeon
  3264 | D:5      | Reached XP level 7. HP: 44/51 MP: 9/15
  3409 | D:5      | Found a staircase to the Ecumenical Temple.
  3479 | D:5      | Found an ancient bone altar of Kikubaaqudgha.
  3484 | Temple   | Entered the Ecumenical Temple
  3493 | Temple   | Became a worshipper of Gozag Ym Sagoz the Greedy
  3526 | D:5      | Reached skill level 5 in Stealth
  3748 | D:5      | Reached XP level 8. HP: 52/58 MP: 5/16
  3986 | D:5      | Noticed Prince Ribbit
  3996 | D:5      | Killed Prince Ribbit
  4025 | D:5      | Noticed a wraith
  4065 | D:5      | Killed a wraith
  4288 | D:5      | Found the +4 dagger "Morg" {pain, Will+ Int+5}
  4537 | D:6      | Noticed a troll
  4551 | D:6      | Killed a troll
  4552 | D:6      | Reached XP level 9. HP: 59/65 MP: 6/18
  4836 | D:6      | Found the +18 Lear's hauberk
  4850 | D:6      | Got the -2 helmet of Inquiry {rCorr Str+3 Dex+4}
  5062 | D:6      | You fall into a shaft and drop 2 floors!
  5074 | D:8      | Reached skill level 8 in Ice Magic
  5114 | D:8      | Noticed Joseph
  5124 | D:8      | Killed Joseph
  5125 | D:8      | Reached skill level 5 in Invocations
  5376 | D:8      | Learned a level 4 spell: Olgreb's Toxic Radiance
  5462 | D:8      | Reached skill level 5 in Fighting
  5462 | D:8      | Reached skill level 5 in Short Blades
  5462 | D:8      | Reached skill level 5 in Long Blades
  5462 | D:8      | Reached skill level 5 in Axes
  5462 | D:8      | Reached skill level 5 in Maces & Flails
  5462 | D:8      | Reached skill level 5 in Polearms
  5462 | D:8      | Reached skill level 5 in Staves
  5462 | D:8      | Reached skill level 5 in Ranged Weapons
  5462 | D:8      | Reached skill level 5 in Throwing
  5462 | D:8      | Reached skill level 5 in Armour
  5462 | D:8      | Reached skill level 5 in Shields
  5462 | D:8      | Reached skill level 5 in Unarmed Combat
  5462 | D:8      | Reached skill level 5 in Evocations
  5462 | D:8      | Reached XP level 10. HP: 74/74 MP: 14/20
  5494 | D:8      | Found a staircase to the Lair.
  5533 | D:8      | Identified the ring "Enolao" {rN+++ Dex+6}
  5637 | D:8      | Noticed Psyche
  5645 | D:8      | Found a flagged portal.
  5677 | Bailey   | Entered a bailey
  5723 | Bailey   | Noticed an orc warlord
  6094 | Bailey   | Found a runed translucent gate.
  6094 | Bailey   | Found a runed translucent gate.
  6094 | Bailey   | Found a runed translucent gate.
  6190 | Bailey   | Learned a level 4 spell: Summon Ice Beast
  6264 | Bailey   | Identified a scroll of acquirement
  6264 | Bailey   | Acquired 1123 gold pieces
  6264 | Bailey   | Slain by an orc warlord

Illustrated notes

Levels and vault maps discovered:
D:1:      dpeg_arrival_more_subterranean_lakeside_camping, layout_rooms,
          ebering_ecumenical_altar_rust
D:2:      layout_rooms, serial_co_window_serial, co_window_corner_a,
          co_window_of_opportunity_a, co_window_of_opportunity_a,
          co_window_paths_b, co_window_of_opportunity_a,
          co_window_of_opportunity_a, co_window_paths_a, co_window_cross_2,
          co_window_broadway_b, co_window_corner_cb, co_window_broadway_b,
          co_window_cross_4, co_window_corner_b, co_window_2corner,
          co_window_4corner_a
D:3:      layout_rooms, serial_shops, nicolae_shop_crystal, minmay_puff,
          uniq_crazy_yiuf_cottage, uniq_grinder
D:4:      layout_rooms, serial_shops, shop, gammafunk_ghost_abyssal_escape
D:5:      layout_gridville, overflow_temple_1_default,
          minmay_temple_entry_butterflies, dilly_guarded_unrand_morg,
          uniq_prince_ribbit1
D:6:      layout_cave_pods, nicolae_overflow_hidden_temple,
          hellmonk_guarded_unrand_lears, uniq_blork_the_orc, uniq_pikel
D:8:      layout_loops_ring, nicolae_hepliaklqana_monster_ancestors,
          minmay_lair_entry_grove, enter_bailey_5, minivault_27, uniq_joseph,
          uniq_psyche
Temple:   sentei_temple_godly_chess
Bailey:   bailey_axe_bossmonster_kennysheep, bailey

Skill      XL: |  1  2  3  4  5  6  7  8  9 10 |
---------------+-------------------------------+-----
Spellcasting   | 5 6 7 |  7.5
Invocations    | 1 2 3 4 5 6 |  6.1
Fighting       | 1 2 3 4 5 |  5.5
Short Blades   | 1 2 3 4 5 |  5.5
Long Blades    | 1 2 3 4 5 |  5.5
Axes           | 1 2 3 4 5 |  5.5
Maces & Flails | 1 2 3 4 5 |  5.5
Polearms       | 1 2 3 4 5 |  5.5
Staves         | 1 2 3 4 5 |  5.5
Ranged Weapons | 1 2 3 4 5 |  5.5
Throwing       | 1 2 3 4 5 |  5.5
Armour         | 1 2 3 4 5 |  5.5
Shields        | 1 2 3 4 5 |  5.5
Unarmed Combat | 1 2 3 4 5 |  5.5
Evocations     | 1 2 3 4 5 |  5.5
Conjurations   | 1 2 3 4 |  4.6
Hexes          | 1 2 3 4 |  4.6
Summonings     | 1 2 3 4 |  4.6
Necromancy     | 1 2 3 4 |  4.6
Translocations | 1 2 3 4 |  4.6
Transmutations | 1 2 3 4 |  4.6
Fire Magic     | 1 2 3 4 |  4.6
Air Magic      | 1 2 3 4 |  4.6
Earth Magic    | 1 2 3 4 |  4.6
Poison Magic   | 1 2 3 4 |  4.6
Dodging        | 5 6 7 |  7.3
Stealth        | 5 6 7 |  7.0
Ice Magic      | 8 |  8.5

Action                   |  1- 3 |  4- 6 |  7- 9 | 10-12 || total
-------------------------+-------+-------+-------+-------++-------
Melee: Whip              |    11 |       |       |       ||    11
       Bite              |     1 |       |    19 |     5 ||    25
       Dagger            |       |     8 |    36 |    83 ||   127
       Short sword       |       |    12 |    77 |       ||    89
 Fire: Sling             |    74 |   113 |       |       ||   187
       Shortbow          |       |       |    69 |       ||    69
 Cast: Freeze            |    17 |    24 |    28 |     3 ||    72
       Frozen Ramparts   |       |    15 |    17 |     2 ||    34
       Ozocubu's Armour  |       |     4 |    12 |     4 ||    20
       Olgreb's Toxic Ra |       |       |       |    10 ||    10
       Summon Ice Beast  |       |       |       |     1 ||     1
  Use: Scroll            |       |       |       |     1 ||     1
 Stab: Sleeping          |     1 |       |     2 |       ||     3
Armor: Robe              |    15 |    16 |    63 |    15 ||   109
Dodge: Dodged            |    30 |    37 |   137 |    29 ||   233
Block: Buckler           |       |    23 |    25 |    20 ||    68

Table legend: (Time is in decaauts)
 A = Elapsed time spent in this place.
 B = Non-inter-level travel time spent in this place.
 C = Inter-level travel time spent in this place.
 D = Time resting spent in this place.
 E = Time spent auto-exploring this place.
 F = Levels seen in this place.
 G = Mean time per level.
                   A        B        C        D        E       F      G
               +--------+--------+--------+--------+--------+-----+--------+
         Total |   6312 |   6163 |    149 |     28 |   4533 |   9 |  701.3 |
       Dungeon |   5717 |   5573 |    144 |      0 |   4258 |   7 |  816.7 |
        Temple |     13 |      9 |      4 |      0 |      0 |   1 |   13.0 |
        Bailey |    580 |    580 |      0 |     28 |    275 |   1 |  580.0 |
               +--------+--------+--------+--------+--------+-----+--------+

Top non-repeatable levels by time:
     D:5: 1322 daAuts
     D:3: 1072 daAuts
     D:2: 920 daAuts
     D:1: 640 daAuts
     D:6: 612 daAuts
     D:8: 602 daAuts
  Bailey: 580 daAuts
     D:4: 547 daAuts
  Temple: 13 daAuts
